 Dungeon Crawl Stone Soup version 0.29.1-12-g30fa7ad0bf (webtiles) character file.

Game seed: 4031446684620660951

743 DildoBatman the Conjurer (level 8, -1/52 (58) HPs)
             Began as a Formicid Conjurer on Jan 10, 2023.
             Slain by a kobold brigand
             ... wielding a +1 short sword of draining
              (7 damage)
             ... in the Ecumenical Temple.
             The game lasted 00:14:34 (5560 turns).

DildoBatman the Conjurer (Formicid Conjurer)        Turns: 5560, Time: 00:14:35

HP:   -1/52 (58)    AC:  2    Str: 12    XL:     8   Next: 5%
MP:   11/16         EV: 12    Int: 20    God:
Gold: 259           SH:  0    Dex: 12    Spells: 14/17 levels left

rFire   + . .      SeeInvis +   a - +4 spear
rCold   + . .      Faith    +   (no shield)
rNeg    . . .      Spirit   .   c - +0 robe
rPois   .          Reflect  .   (helmet unavailable)
rElec   .          Harm     .   b - scarf {rC+ rF+}
rCorr   .          Rampage  .   (no gloves)
Will    .....                   (no boots)
Stlth   ++........              y - amulet of faith
HPRegen 0.17/turn               (no ring)
MPRegen 0.15/turn               (no ring)

@: heavily drained
A: permanent stasis, dig shafts and tunnels, antennae 3, four strong arms
a: Dig


You were in the Ecumenical Temple.
You visited 2 branches of the dungeon, and saw 7 of its levels.
You also visited: Ossuary.

You collected 325 gold pieces.
You spent 66 gold pieces at shops.

Inventory:

Hand Weapons
 a - a +4 spear (weapon)
Missiles
 h - 2 poisoned darts
 q - 2 boomerangs
Armour
 b - a scarf of resistance (worn)
 c - a +0 robe (worn)
Magical Staves
 w - a staff of poison
Jewellery
 y - an amulet of faith (around neck)
Wands
 r - a wand of mindburst (10)
 s - a wand of digging (3)
Scrolls
 k - a scroll of poison
 m - a scroll of enchant armour
 t - a scroll of amnesia {unknown}
 u - a scroll of fear {unknown}
 v - a scroll of butterflies
 A - a scroll of brand weapon {unknown}
 B - a scroll of immolation {unknown}
Potions
 d - 3 potions of curing {unknown}
 e - 2 potions of cancellation {unknown}
 f - a potion of might {unknown}
 g - 3 potions of magic
 i - 2 potions of lignification {unknown}
 j - 2 potions of haste {unknown}
 l - 3 potions of heal wounds {unknown}
 n - a potion of mutation {unknown}
 o - 2 potions of brilliance {unknown}
 p - a potion of invisibility {unknown}
 x - a potion of berserk rage {unknown}
 z - 2 potions of degeneration {unknown}


   Skills:
 - Level 3.0 Fighting
 - Level 3.0 Armour
 - Level 2.0 Dodging
 - Level 2.4 Stealth
 * Level 5.4 Spellcasting
 * Level 5.8 Conjurations


You had 14 spell levels left.
You knew the following spells:

 Your Spells              Type           Power      Damage    Failure   Level
a - Searing Ray           Conj           56%        2d6       1%          2
c - Magic Dart            Conj           100%       1d8       1%          1

Your spell library contained the following spells:

 Spells                   Type           Power      Damage    Failure   Level
 Dazzling Flash           Conj/Hex       34%        N/A       10%         3
 Iskenderun's Battlesphe  Conj           28%        2d8       28%         5
 Lesser Beckoning         Tloc           5%         N/A       32%         3
 Fulminant Prism          Conj/Hex       8%         3d7       32%         4
 Iskenderun's Mystic Bla  Conj/Tloc      17%        2d5       32%         4
 Fireball                 Conj/Fire      8%         3d6       67%         5
 Manifold Assault         Tloc           5%         N/A       97%         5
 Conjure Ball Lightning   Conj/Air       8%         3x3d6     99%         6
 Orb of Destruction       Conj           14%        9d7       100%        7
 Blink                    Tloc           Unusable   N/A       N/A         2

Dungeon Overview and Level Annotations

Branches:
Dungeon (6/15)             Temple (1/1) D:6         Ossuary (visited)

Altars:
Ashenzari
Cheibriados
Dithmenos
Elyvilon
Fedhas
Hepliaklqana
Nemelex Xobeh
Okawaru
Ru
Sif Muna
Trog
Vehumet
Wu Jian
Yredelemnul
Zin
The Shining One

Shops:
D:1 [   D:3 *

Annotations:
D:2 Natasha, Robin
D:3 Ijyb, Terence
D:5 Edmund


Innate Abilities, Weirdness & Mutations

You cannot be hasted, slowed, berserked, paralysed or teleported.
You can dig through walls and to a lower floor.
You have a pair of large antennae on your head. (SInv)
Your four strong arms can wield two-handed weapons with a shield.


Message History

Welcome back to the Dungeon!
The kobold hits you but does no damage.
The gnoll bouda barks out a call to the hunt!
The gnoll picks up the pace!
The gnoll hits you from afar with a +0 spear.
The kobold brigand hits you with a +1 short sword of draining!
You feel drained.
There is a staircase to the Ecumenical Temple, spattered with blood here.
The kobold closely misses you.
The gnoll hits you from afar with a +0 spear.
The kobold brigand hits you with a +1 short sword of draining!
You feel drained.
You climb downwards.
Welcome back to the Ecumenical Temple!
There is a staircase back to the Dungeon here.
Casting: Searing Ray (safe; 1% risk of failure)
Confirm with . or Enter, or press ? or * to list all spells.
Aiming: Searing Ray (safe; 1% risk of failure)
Press: ? - help, Shift-Dir - straight line, f - kobold brigand
Aim: a kobold brigand, wielding a +1 short sword of draining and quivering poisoned darts (74% to hit)
The searing ray hits the kobold brigand.
The kobold brigand is lightly wounded. (Press . to maintain the ray.)
The kobold brigand hits you with a +1 short sword of draining.
You feel drained. The kobold hits you with a +0 whip.
The searing ray hits the kobold brigand.
The kobold brigand is moderately wounded.
The kobold brigand closely misses you. The kobold hits you with a +0 whip.
The searing ray hits the kobold brigand.
The kobold brigand is moderately wounded.
The kobold brigand hits you with a +1 short sword of draining.
You feel drained. The kobold hits you with a +0 whip.
The searing ray hits the kobold brigand.
The kobold brigand is heavily wounded.
You finish channelling your searing ray.
The kobold brigand hits you with a +1 short sword of draining!
You die...

####### ######### #######
......### ###.......### ###......
_..._...###..._..._...###..._..._
.........#.............#.........
........###....K......###........
.._............K@............._..
........###......)....###........
.........#.............#.........
_..._...###..._..._...###..._..._
......### ###.......### ###......
####### ######### #######


You could see a kobold brigand and a kobold.

Vanquished Creatures
  A necrophage (D:4)
  2 scorpions
  A jelly (D:3)
  A quasit (D:4)
  A human zombie (Ossuary)
  An orc priest (D:4)
  2 hounds (D:4)
  3 iguanas
  An orc wizard (D:3)
  3 mummies (Ossuary)
  7 gnolls
  2 adders
  2 white imps
  3 ufetubi (D:4)
  3 adder zombies (Ossuary)
  A worm (D:4)
  19 orcs
  6 ball pythons
  6 bats
  7 endoplasms
  A giant cockroach (D:1)
  7 goblins
  7 hobgoblins
  2 jackals (D:2)
  9 kobolds
  3 quokkas
  5 frilled lizards
  4 goblin zombies (Ossuary)
  2 hobgoblin zombies (Ossuary)
  4 quokka zombies (Ossuary)
  4 rats
  4 rat zombies (Ossuary)
124 creatures vanquished.

Vanquished Creatures (others)
  2 demonic plants (D:4)
2 creatures vanquished.

Grand Total: 126 creatures vanquished

Notes
Turn   | Place    | Note
-------+----------+-------------------------------------------
     0 | D:1      | DildoBatman the Formicid Conjurer began the quest for the
                  | Orb.
     0 | D:1      | Reached XP level 1. HP: 13/13 MP: 3/3
   139 | D:1      | Reached XP level 2. HP: 17/20 MP: 3/5
   142 | D:1      | Learned a level 2 spell: Searing Ray
   549 | D:1      | Reached skill level 1 in Armour
   609 | D:1      | Reached skill level 1 in Fighting
   666 | D:1      | Found Dufot's Antique Armour Emporium.
   743 | D:1      | Reached XP level 3. HP: 26/26 MP: 4/6
   884 | D:1      | Found a faded altar of an unknown god.
  1377 | D:2      | Noticed Robin
  1675 | D:2      | Noticed Natasha
  1721 | D:3      | Noticed Terence
  1725 | D:3      | Noticed Ijyb
  1770 | D:3      | Found a radiant altar of Vehumet.
  1799 | D:3      | Found Zareab's Assorted Antiques.
  1819 | D:3      | Reached XP level 4. HP: 23/33 MP: 0/8
  1951 | D:3      | Reached XP level 5. HP: 20/38 MP: 4/9
  2119 | D:3      | Bought a silvery potion for 22 gold pieces
  2119 | D:3      | Bought a murky puce potion for 22 gold pieces
  2119 | D:3      | Bought a glowing green potion for 22 gold pieces
  2252 | D:3      | Found a basalt altar of Yredelemnul.
  2783 | D:4      | Reached XP level 6. HP: 46/46 MP: 3/11
  3419 | D:5      | Entered Level 5 of the Dungeon
  3615 | D:5      | Reached XP level 7. HP: 30/52 MP: 3/13
  3664 | D:5      | Noticed Edmund
  3885 | D:5      | Found a sand-covered staircase.
  3894 | Ossuary  | Entered an ossuary
  3902 | Ossuary  | Reached skill level 5 in Conjurations
  4820 | D:4      | Reached skill level 5 in Spellcasting
  4947 | D:4      | Reached XP level 8. HP: 48/58 MP: 4/16
  5433 | D:6      | Found a staircase to the Ecumenical Temple.
  5443 | Temple   | Entered the Ecumenical Temple
  5560 | Temple   | Slain by a kobold brigand

Illustrated notes

Levels and vault maps discovered:
D:1:      lightli_molten_gateway, layout_basic,
          shapermc_ecumenical_altar_mp_highgroup, serial_shops,
          nicolae_shop_hallway_plus
D:2:      layout_basic, hex_large, uniq_natasha, uniq_robin
D:3:      layout_basic, mainiacjoe_overflow_alcove_2, marbit_many_paths,
          serial_shops, nicolae_diamond_shop, uniq_ijyb, uniq_terence
D:4:      layout_basic, serial_demonic, serial_demonic_e, serial_demonic_g,
          serial_demonic_c, serial_demonic_a, minmay_misc_feat_five,
          minmay_misc_feat_encased
D:5:      layout_basic, nicolae_ossuary_entry_monument,
          amcnicky_mini_pool_small, uniq_edmund
D:6:      lemuel_slime, layout_cave_pools, nicolae_gozag_zags_fifth_avenue,
          nicolae_uskayaw_dance_studio, minmay_temple_entry_stoned_glass,
          eino_tiny_chamber, minmay_holes, minmay_manual_mares
Temple:   zaba_magenta_temple

Skill      XL: |  1  2  3  4  5  6  7 |
---------------+----------------------+-----
Dodging        | 2 |  2.0
Armour         | 1 2 3 |  3.0
Fighting       | 1 2 3 |  3.0
Spellcasting   | 3 4 5 |  5.4
Conjurations   | 4 5 |  5.8
Stealth        | |  2.4

Action                   |  1- 3 |  4- 6 |  7- 9 || total
-------------------------+-------+-------+-------++-------
Melee: Dagger            |    24 |       |       ||    24
       Unarmed           |     5 |       |       ||     5
       Spear             |       |     2 |    68 ||    70
       Punch             |       |       |     1 ||     1
 Cast: Magic Dart        |    65 |    38 |    21 ||   124
       Searing Ray       |     6 |    21 |    24 ||    51
  Use: Scroll            |       |     4 |     1 ||     5
 Stab: Sleeping          |     2 |     2 |       ||     4
Armor: Robe              |    10 |       |    12 ||    22
Dodge: Dodged            |    27 |    13 |    59 ||    99
